 Dungeon Crawl Stone Soup version 0.21-a0-286-g6fcecc0 (webtiles) character file.

21 tidbits the Insei (level 2, -8/22 HPs)
             Began as a Demigod Transmuter on Sept 27, 2017.
             Mangled by Crazy Yiuf
             ... wielding a +4 quarterstaff of chaos
              (14 damage)
             ... on level 2 of the Dungeon.
             The game lasted 00:02:23 (303 turns).

tidbits the Insei (Demigod Transmuter)               Turns: 303, Time: 00:02:24

Health: -8/22      AC:  2    Str: 13    XL:     2   Next: 48%
Magic:  4/7        EV: 12    Int: 17    God:
Gold:   47         SH:  0    Dex: 16    Spells: 2/5 levels left

rFire    . . .     SeeInvis .     - Unarmed
rCold    . . .     Gourm    .   (no shield)
rNeg     . . .     Faith    .   b - +0 robe
rPois    .         Spirit   .   (no helmet)
rElec    .         Reflect  .   (no cloak)
rCorr    .         Harm     .   (no gloves)
MR       .....                  (no boots)
Stlth    +.........             (no amulet)
HPRegen  0.07/turn              (no ring)
MPRegen  0.10/turn              (no ring)

@: appendage
A: horns 2, high mp 1
a: End Transformation


You were on level 2 of the Dungeon.
You were not hungry.
You had grown temporary horns.
You visited 1 branch of the dungeon, and saw 2 of its levels.

You collected 47 gold pieces.

Inventory:

Missiles
 a - 21 arrows
Armour
 b - a +0 robe (worn)
Scrolls
 e - 2 scrolls of teleportation {unknown}
 g - a scroll of fear {unknown}
 j - a scroll of magic mapping {unknown}
 k - a scroll of fog {unknown}
 m - a scroll of recharging {unknown}
Potions
 h - 2 potions of agility {unknown}
 i - a potion of magic {unknown}
 l - a potion of flight {unknown}
Books
 c - a book of Changes

   Spells                             Type                      Level
   a - Beastly Appendage              Transmutation                1
   b - Sticks to Snakes               Transmutation                2
   c - Spider Form                    Transmutation/Poison         3
   d - Ice Form                       Ice/Transmutation            4
   e - Blade Hands                    Transmutation                5
Comestibles
 d - a bread ration
 f - 4 chunks of flesh


   Skills:
 - Level 0.8 Fighting
 - Level 1.7 Dodging
 * Level 3.2 Unarmed Combat
 - Level 2.0 Spellcasting
 + Level 2.1 Transmutations


You had 2 spell levels left.
You knew the following spells:

 Your Spells              Type           Power        Failure   Level  Hunger
e - Beastly Appendage     Tmut           #.....       8%          1    #......
k - Sticks to Snakes      Tmut           #.......     12%         2    ###....


Dungeon Overview and Level Annotations

Branches:
Dungeon (2/15)

Annotations:
D:2 Crazy Yiuf


Innate Abilities, Weirdness & Mutations

You have an increased reservoir of magic. (+10% MP)
You have a pair of horns on your head.


Message History

You see here a rat corpse.
j - a scroll labeled DUZXEP XITZUB Your talons disappear.
k - a scroll labeled VODIMOD GIULA
There is a stone staircase leading down here.
l - a metallic coppery potion
Found a scroll labeled TIOFIZUSHRU.
a - 23 arrows (gained 11)
Found a whip.
e - 2 scrolls labeled TIOFIZUSHRU (gained 1)
An adder comes into view.
Found a scroll labeled JIAMMI IRADAX.
Casting: Beastly Appendage
Confirm with . or Enter, or press ? or * to list all spells.
Your feet morph into talons.
The adder hisses angrily.
You see here a whip.
Casting: Beastly Appendage
Confirm with . or Enter, or press ? or * to list all spells.
You create a snake!
You now have 22 arrows.
The adder completely misses you.
You miss the adder. The adder bites you.
Your ball python bites the adder.
Your ball python completely misses the adder.
You hit the adder. Your kick misses the adder.
The adder is moderately wounded.
Your transformation is almost over.
The adder bites you.
Your ball python bites the adder.
Your ball python grabs the adder.
Your ball python constricts the adder.
The adder closely misses your ball python.
You hit the adder. You claw the adder.
The adder is almost dead.
Your ball python bites the adder but does no damage.
Your ball python constricts the adder.
The adder dies!
You see here an adder corpse.
You butcher the adder corpse.
f - 4 chunks of flesh (gained 1)
You swap places.
m - a scroll labeled JIAMMI IRADAX Your talons disappear.
Your ball python withers and dies!
Found a stone staircase leading up.
Found a hunting sling.
Found 22 stones.
There is a stone staircase leading up here.
You climb upwards.
A rat comes into view.
There is a stone staircase leading down here.
Casting: Sticks to Snakes
Confirm with . or Enter, or press ? or * to list all spells.
Your feet morph into talons.
You hit the rat but do no damage. Your kick misses the rat.
You barely miss the rat. Your kick misses the rat. The rat barely misses you.
You hit the rat.
You kill the rat!
Your transformation is almost over.
Your talons disappear.
There is a stone staircase leading down here.
You climb downwards.
There is a stone staircase leading up here.
Found 3 scrolls labeled POLOOL WUSHRUE.
You see here 22 stones.
You enter a teleport trap!
The teleport trap disappears.
Your surroundings suddenly seem different.
Found a runed door.
Casting: Beastly Appendage
Confirm with . or Enter, or press ? or * to list all spells.
You grow a pair of large bovine horns.
You open the door.
Crazy Yiuf the Enlightened comes into view.
He is wielding a quarterstaff of chaos.
Crazy Yiuf shouts!
Found a mace.
There is an open door here.
Casting: Beastly Appendage
Confirm with . or Enter, or press ? or * to list all spells.
You create a snake!
You now have 21 arrows.
Crazy Yiuf grits, "Cholesterol!"
Crazy Yiuf barely misses you.
You barely miss Crazy Yiuf. Crazy Yiuf misses you.
Your ball python bites Crazy Yiuf but does no damage.
Your ball python grabs Crazy Yiuf.
Your ball python constricts Crazy Yiuf.
You hit Crazy Yiuf.
Crazy Yiuf is moderately wounded.
Your ball python bites Crazy Yiuf.
Your ball python constricts Crazy Yiuf.
Crazy Yiuf hits you with a quarterstaff of chaos.
You hit Crazy Yiuf but do no damage.
Crazy Yiuf is moderately wounded.
Your ball python bites Crazy Yiuf.
Your ball python constricts Crazy Yiuf.
You hit Crazy Yiuf.
Crazy Yiuf is heavily wounded.
Crazy Yiuf hits you with a quarterstaff of chaos!
* * * LOW HITPOINT WARNING * * *
Crazy Yiuf freezes you.
* * * LOW HITPOINT WARNING * * *
Your ball python bites Crazy Yiuf but does no damage.
Your ball python constricts Crazy Yiuf.
You hit Crazy Yiuf.
Crazy Yiuf is severely wounded.
Crazy Yiuf hits you with a quarterstaff of chaos!
Ouch! That really hurt!
You die...

♣♣♣♣♣### ####
♣♣♣.♣....##
#..S#♣..♣..P...##
#..g@.♣♣♣♣.P....#
#)..#♣♣ ♣♣.....#
#### ♣♣##..# ##


You could see Crazy Yiuf and a friendly ball python.

Vanquished Creatures
  A dart slug (D:1)
  A leopard gecko (D:1)
  A giant cockroach (D:1)
  3 goblins (D:1)
  A hobgoblin (D:1)
  A kobold (D:1)
  2 rats
10 creatures vanquished.

Vanquished Creatures (collateral kills)
  An adder (D:2)
1 creature vanquished.

Grand Total: 11 creatures vanquished

Notes
Turn   | Place    | Note
-------+----------+-------------------------------------------
     0 | D:1      | tidbits the Demigod Transmuter began the quest for the Orb.
     0 | D:1      | Reached XP level 1. HP: 15/15 MP: 5/5
     2 | D:1      | Noticed a tengu
     2 | D:1      | Noticed a formicid
     4 | D:1      | Noticed a vine stalker
     4 | D:1      | Noticed a gargoyle
     6 | D:1      | Noticed a dwarf
     6 | D:1      | Noticed a draconian
     8 | D:1      | Noticed a spriggan
     8 | D:1      | Noticed a demigod
    10 | D:1      | Noticed a vampire
    12 | D:1      | Noticed a centaur
    12 | D:1      | Noticed a merfolk
    14 | D:1      | Noticed a human
    14 | D:1      | Noticed an ogre
    16 | D:1      | Noticed a troll
    18 | D:1      | Noticed a ghoul
    18 | D:1      | Noticed a naga
    20 | D:1      | Noticed a demonspawn
    22 | D:1      | Noticed a felid
    22 | D:1      | Noticed an octopode
    24 | D:1      | Noticed an elf
    26 | D:1      | Noticed a minotaur
    26 | D:1      | Noticed a halfling
    88 | D:1      | Reached skill level 2 in Transmutations
   110 | D:1      | Reached skill level 2 in Spellcasting
   113 | D:1      | Reached XP level 2. HP: 20/22 MP: 5/7
   119 | D:1      | Reached skill level 3 in Unarmed Combat
   141 | D:1      | Learned a level 2 spell: Sticks to Snakes
   291 | D:2      | Found a runed door.
   296 | D:2      | Noticed Crazy Yiuf
   303 | D:2      | Mangled by Crazy Yiuf

Vault maps used:
D:1:      kb_arrival_jail, serial_bayou, serial_bayou_lagoon_b,
          serial_bayou_pond_b, serial_bayou_pond_b, serial_bayou_pond_d,
          minmay_tromino_i4
D:2:      uniq_crazy_yiuf_cottage

Skill      XL: |  1  2 |
---------------+-------+-----
Transmutations | 2 |  2.1
Spellcasting   | 2 |  2.0
Unarmed Combat | 3 |  3.2
Fighting       | |  0.8
Dodging        | |  1.7

Action                   || total
-------------------------++-------
Melee: Unarmed           ||    38
       Kick              ||     5
 Cast: Beastly Appendage ||     8
       Sticks to Snakes  ||     2
Armor: Robe              ||     2
Dodge: Dodged            ||    19

Table legend:
 A = Spawn XP
 B = Non-spawn XP
 C = Spawn XP percentage of total XP
 D = Spawn monster count
 E = Non-spawn monster count
 F = Spawn count percentage of total count
 G = Total turns spent on level
                    A         B        C        D         E        F      G
               +---------+---------+-------+---------+---------+-------+---------
         Total |       0 |      31 |   0.0 |       0 |      11 |   0.0 |   303
               +---------+---------+-------+---------+---------+-------+---------
           D:1 |       0 |      19 |   0.0 |       0 |       9 |   0.0 |   179
           D:2 |       0 |      12 |   0.0 |       0 |       2 |   0.0 |   124
               +---------+---------+-------+---------+---------+-------+---------

Table legend:
 A = Turns spent in this place as a percentage of turns spent in the entire game.
 B = Non-inter-level travel turns spent in this place as a percentage of non-inter-level travel turns spent in the entire game.
 C = Inter-level travel turns spent in this place as a percentage of turns spent in this place.
 D = Turns resting spent in this place as a percentage of non-inter-level travel turns spent in this place.
 E = Turns spent auto-exploring this place as a percentage of non-inter-level travel turns spent in this place.
 F = Non-inter-level travel turns spent in this place divided by the number of levels of this place that you've seen.
                   A       B       C       D       E      F
               +-------+-------+-------+-------+-------+----------------------
         Total | 100.0 | 100.0 |   0.0 |   0.0 |   0.0 | 151.5
       Dungeon | 100.0 | 100.0 |   0.0 |   0.0 |   0.0 | 151.5
               +-------+-------+-------+-------+-------+----------------------

Table legend:
 A = Kills in this place as a percentage of kills in entire the game.
 B = Kills by you in this place as a percentage of kills by you in the entire game.
 C = Kills by friends in this place as a percentage of kills by friends in the entire game.
 D = Other kills in this place as a percentage of other kills in the entire game.
 E = Experience gained in this place as a percentage of experience gained in the entire game.
 F = Experience gained in this place divided by the number of levels of this place that you have seen.
                   A       B       C       D       E      F
               +-------+-------+-------+-------+-------+----------------------
         Total | 100.0 | 100.0 | 100.0 |   N/A | 100.0 |  15.5
       Dungeon | 100.0 | 100.0 | 100.0 |   N/A | 100.0 |  15.5
               +-------+-------+-------+-------+-------+----------------------

Vault maps used:
D:1:      kb_arrival_jail, serial_bayou, serial_bayou_lagoon_b,
          serial_bayou_pond_b, serial_bayou_pond_b, serial_bayou_pond_d,
          minmay_tromino_i4
D:2:      uniq_crazy_yiuf_cottage
